 Dungeon Crawl Stone Soup version 0.20-a0-910-gb611367 (webtiles) character file.

4928 galech the Grappler (level 10, -3/94 HPs)
             Began as a Troll Monk on Mar 23, 2017.
             Was a Priest of Cheibriados.
             Shot with an arrow by a deep elf archer (13 damage)
             ... on level 9 of the Dungeon.
             The game lasted 00:14:15 (6923 turns).

galech the Grappler (Troll Monk)                    Turns: 6923, Time: 00:14:16

Health: -3/94      AC:  6    Str: 31    XL:     10   Next: 27%
Magic:  9/9        EV: 14    Int: 19    God:    Cheibriados [***...]
Gold:   501        SH:  0    Dex: 19    Spells: 9/9 levels left

rFire    . . .     SeeInvis .     - Unarmed
rCold    . . .     Gourm    +   E - +0 troll leather armour
rNeg     + . .     Faith    .   (no shield)
rPois    .         Spirit   .   (helmet restricted)
rElec    .         Reflect  .   u - +0 cloak
rCorr    .         Harm     .   (gloves unavailable)
MR       .....                  (boots unavailable)
Stlth    +++.......             (no amulet)
Regen    1.1/turn               w - ring of positive energy
MPRegen  0.2/turn               n - +4 ring of intelligence

@: very slightly contaminated, very slow
A: unfitting armour, claws 3, blink, clever 1, deformed body, fast metabolism 3,
gourmand, regeneration 1, shaggy fur 1, tough skin 2
a: Blink, Bend Time, Temporal Distortion, Renounce Religion


You were on level 9 of the Dungeon.
You worshipped Cheibriados.
Cheibriados was most pleased with you.
You were not hungry.

You visited 2 branches of the dungeon, and saw 10 of its levels.

You collected 501 gold pieces.

Inventory:

Hand Weapons
 x - the +8 demon blade "Leech" {vamp, rN+ AC-3 EV-3}
   (You found it on level 5 of the Dungeon)

   It inflicts no extra harm, but heals its wielder when it wounds a living foe.
   It affects your AC (-3).
   It affects your evasion (-3).
   It protects you from negative energy.
Armour
 a - a +0 robe
 u - a +0 cloak (worn)
 E - a +0 troll leather armour (worn)
Jewellery
 n - a +4 ring of intelligence (left claw)
 w - a ring of positive energy (right claw)
Wands
 C - a wand of lightning (9/15)
 D - a wand of confusion (26/48)
Scrolls
 e - 6 scrolls of remove curse
 h - 3 scrolls of teleportation {unknown}
 i - a scroll of immolation
 j - 2 scrolls of fear {unknown}
 k - 3 scrolls of magic mapping {unknown}
 l - 2 scrolls of enchant weapon {unknown}
 s - 3 scrolls of amnesia
 t - 3 scrolls of enchant armour {unknown}
 y - a scroll of holy word
 z - a scroll of summoning
 A - a scroll of recharging
 B - 4 scrolls of identify
Potions
 c - 8 potions of curing {unknown}
 f - a potion of cancellation {unknown}
 m - 4 potions of flight {unknown}
 o - a potion of berserk rage {unknown}
 p - 3 potions of lignification {unknown}
 q - 3 potions of heal wounds {unknown}
Books
 v - a book of Flames

   Spells                             Type                      Level
   a - Flame Tongue                   Conjuration/Fire             1
   b - Throw Flame                    Conjuration/Fire             2
   c - Conjure Flame                  Conjuration/Fire             3
   d - Inner Flame                    Hexes/Fire                   3
   e - Sticky Flame                   Conjuration/Fire             4
   f - Fireball                       Conjuration/Fire             5
Comestibles
 b - 14 bread rations
 d - 4 meat rations
 g - 10 royal jellies


   Skills:
 + Level 4.4 Fighting
 + Level 0.4 Armour
 + Level 5.9 Dodging
 + Level 4.3 Stealth
 + Level 11.3 Unarmed Combat


You had 9 spell levels left.
You didn't know any spells.

Dungeon Overview and Level Annotations

Branches:
Dungeon (9/15)             Temple (1/1) D:7            Lair (0/6) D:9
    Orc: D:9-12

Altars:
Ashenzari
Cheibriados
Elyvilon
Fedhas
Gozag
Hepliaklqana
Kikubaaqudgha
Okawaru
Qazlal
Trog
Vehumet
Xom
Yredelemnul
Zin
The Shining One

Shops:
D:4 %   D:6 [

Annotations:
D:8 Taimou's ghost, novice VSFi


Innate Abilities, Weirdness & Mutations

You are too large for most types of armour.
You have claws for hands.
Your metabolism is lightning-fast.
You like to eat raw meat.
Your natural rate of healing is unusually fast.
You are covered in fur. (AC +1)
You have very tough skin. (AC +2)
You can translocate small distances at will.
Your mind is acute. (Int +2)
Armour fits poorly on your strangely shaped body.


Message History

There is an open door, spattered with blood here.
You see here an arrow.
The centaur warrior hits you!
* * * LOW HITPOINT WARNING * * *
Blink to where?
Press: ? - help, Dir - move target cursor You are very lightly contaminated with residual magic.
As you read the scroll of blinking, it crumbles to dust.
The centaur warrior wields a shortbow.
The centaur warrior shoots an arrow.
The arrow misses you.
You see here an arrow.
The centaur warrior shoots an arrow.
The arrow hits you!
* * * LOW HITPOINT WARNING * * *
The centaur warrior shoots an arrow.
The arrow hits you!
* * * LOW HITPOINT WARNING * * *
The centaur warrior shoots an arrow.
The arrow completely misses you.
There is an open door, spattered with blood here.
You see here 2 arrows.
The deep elf archer shoots an arrow.
The arrow hits you!
You die...

#:..# #.# #.##..# #....... #...#
#.###'##### ###....÷ # #...##
#.##...# #..... ####....#
#.##...# #..... ........#
#..#...# #..... .≈≈≈≈≈..#
#..#...## #(.... .≈###≈..#
#..##).##. #..... .≈# #≈..#
#..##..###.#######..... .≈###≈.##
#..##(@#.##.§..(.#.....
.≈≈≈≈≈.####.>###.(..##.....#.<...
.............# #.#(..# #.e.#.....
.≈≈≈≈≈.......# ####'#####(##...(.
.≈###≈.###...# #...e..§..#.....
.≈# #≈.# #...# ####.c.e...#.....
.≈###≈.# #...# #..####....######
.≈≈≈≈≈.# #...# #.....#######
.......# #...# #...........#


You could see a centaur warrior and a deep elf archer.

Vanquished Creatures
  A two-headed ogre (D:8)
  Joseph (D:7)
  An efreet (D:9)
  2 trolls (D:9)
  A meliai (D:9)
  A spriggan (D:7)
  A wyvern (D:9)
  A hungry ghost (D:9)
  A water moccasin (D:6)
  A phantom (D:4)
  4 orc warriors
  A sky beast (D:8)
  2 ogres
  2 centaurs
  2 bullfrogs
  2 scorpions
  3 electric eels (D:9)
  A howler monkey (D:7)
  2 crimson imps
  A bullfrog zombie (D:9)
  4 jellies
  3 orc priests
  2 bullfrog skeletons
  4 hounds
  10 orc wizards
  2 centaur skeletons
  4 iguanas
  5 worker ants
  A killer bee zombie (D:6)
  A worker ant zombie (D:7)
  8 adders
  A shadow imp (D:5)
  An ooze (D:4)
  A worm (D:3)
  A dart slug (D:1)
  4 leopard geckos
  29 orcs
  A ball python (D:2)
  3 giant cockroaches (D:1)
  10 hobgoblins
  5 jackals
  3 quokkas
  8 bats
  8 frilled lizards
  3 goblins
  9 kobolds
  A leopard gecko skeleton (D:8)
  4 rats
167 creatures vanquished.

Notes
Turn   | Place    | Note
-------+----------+-------------------------------------------
     0 | D:1      | galech the Troll Monk began the quest for the Orb.
     0 | D:1      | Reached XP level 1. HP: 22/22 MP: 0/0
   349 | D:1      | Reached XP level 2. HP: 26/29 MP: 1/1
   570 | D:2      | Reached XP level 3. HP: 31/36 MP: 2/2
   774 | D:2      | Found a bloodstained altar of Trog.
   777 | D:2      | Found a blossoming altar of Fedhas.
   780 | D:2      | Found a radiant altar of Vehumet.
  1403 | D:3      | Reached skill level 4 in Unarmed Combat
  1403 | D:3      | Reached XP level 4. HP: 44/44 MP: 3/3
  1568 | D:3      | Reached XP level 5. HP: 53/53 MP: 4/4
  1906 | D:3      | Found a shattered altar of Ashenzari.
  1974 | D:4      | Found Opoytel's Food Emporium.
  2149 | D:4      | Noticed a phantom
  2173 | D:4      | Killed a phantom
  2173 | D:4      | Reached skill level 5 in Unarmed Combat
  2173 | D:4      | Reached XP level 6. HP: 51/61 MP: 5/5
  2615 | D:4      | Noticed an orc warrior
  2623 | D:4      | Killed an orc warrior
  2626 | D:4      | Reached skill level 6 in Unarmed Combat
  2889 | D:5      | Entered Level 5 of the Dungeon
  2903 | D:5      | Reached XP level 7. HP: 67/67 MP: 6/6
  3458 | D:5      | Reached skill level 7 in Unarmed Combat
  3737 | D:6      | Found a glowing golden altar of the Shining One.
  3927 | D:6      | Reached XP level 8. HP: 74/75 MP: 7/7
  3942 | D:6      | Found Idutuh's Armour Shoppe.
  3989 | D:6      | Found a basalt altar of Yredelemnul.
  4140 | D:6      | Reached skill level 8 in Unarmed Combat
  4596 | D:7      | Noticed Joseph
  4606 | D:7      | Reached skill level 9 in Unarmed Combat
  4750 | D:7      | Killed Joseph
  4750 | D:7      | Reached XP level 9. HP: 31/84 MP: 8/8
  5083 | D:7      | Found a staircase to the Ecumenical Temple.
  5088 | Temple   | Entered the Ecumenical Temple
  5096 | Temple   | Became a worshipper of Cheibriados the Contemplative
  5096 | Temple   | Reached * piety under Cheibriados
  5096 | Temple   | Reached ** piety under Cheibriados
  5266 | D:8      | Noticed Taimou's ghost (novice VSFi)
  5287 | D:8      | HP: 2/84 [Taimou's ghost (11)]
  5508 | D:8      | HP: 4/84 [orc wizard/magic dart (3)]
  5763 | D:8      | Reached skill level 10 in Unarmed Combat
  5927 | D:8      | Reached skill level 5 in Dodging
  5930 | D:8      | Gained mutation: Your mind is acute. (Int +2) [mutagenic meat]
  5931 | D:8      | Gained mutation: You can translocate small distances at will. [mutagenic meat]
  5933 | D:8      | Gained mutation: Armour fits poorly on your strangely shaped body. [mutagenic meat]
  6006 | D:8      | Noticed a two-headed ogre
  6016 | D:8      | Killed a two-headed ogre
  6444 | D:9      | Noticed a meliai
  6446 | D:9      | Killed a meliai
  6490 | D:9      | Reached *** piety under Cheibriados
  6634 | D:9      | Found an ancient bone altar of Kikubaaqudgha.
  6698 | D:9      | Noticed a troll
  6706 | D:9      | Killed a troll
  6706 | D:9      | Reached skill level 11 in Unarmed Combat
  6706 | D:9      | Reached XP level 10. HP: 88/93 MP: 9/9
  6836 | D:9      | Found a staircase to the Lair.
  6893 | D:9      | Noticed a deep elf archer
  6916 | D:9      | Noticed a centaur warrior
  6916 | D:9      | Noticed an ogre mage
  6923 | D:9      | Shot with an arrow by a deep elf archer

Vault maps used:
D:1:      lightli_arrival_boilingwater
D:2:      grunt_temple_overflow_diamond
D:3:      ashenzari_altar_1
D:4:      corexii_shack_village, serial_shops, shop, first_bread,
          hangedman_minor_gate_pass
D:6:      nicolae_tso_carved_into_rock, lemuel_doored_altar, serial_shops,
          nicolae_shop_stone
D:7:      minmay_temple_entry_nine_rooms, minmay_misc_feat_more_columns,
          grunt_ministairs_1, the_bakery, uniq_joseph
D:8:      grunt_dithmenos_smoke
D:9:      minmay_sliced_demisemicircle, kiku_gazebo_pond_becter,
          lair_entry_dummy, serial_bayou_pond_a, kennysheep_boxes
Temple:   eino_temple_lava

Skill      XL: |  1  2  3  4  5  6  7  8  9 |
---------------+----------------------------+-----
Unarmed Combat | 4 5 6 7 9 11 | 11.3
Fighting       | 3 4 |  4.4
Dodging        | 3 4 5 |  5.9
Stealth        | 2 3 4 |  4.3
Armour         | |  0.4

Action                   |  1- 3 |  4- 6 |  7- 9 | 10-12 || total
-------------------------+-------+-------+-------+-------++-------
Melee: Unarmed           |   110 |    97 |   242 |    27 ||   476
       Punch             |       |       |    10 |     2 ||    12
  Use: Scroll            |       |       |     7 |     1 ||     8
 Stab: Sleeping          |     2 |     7 |    10 |     1 ||    20
       Distracted        |     1 |       |       |       ||     1
  Eat: Chunk             |    18 |    14 |    29 |     4 ||    65
Armor: Robe              |    35 |    30 |    57 |       ||   122
       Troll leather arm |       |       |       |    10 ||    10
Dodge: Dodged            |    74 |    41 |   130 |    18 ||   263
